 Dungeon Sprint DCSS version 0.22.1-1-ga44c0e56f4 (webtiles) character file.

6987 MuseOD the Unseen (level 10, -14/59 HPs)
             Began as a Spriggan Enchanter on Sept 27, 2018.
             Was an Elder of Dithmenos.
             Shot with a bolt by a yaktaur captain (37 damage)
             ... in the Dungeon (Sprint III: "The Ten Rune Challenge").
             The game lasted 00:04:32 (1162 turns).

MuseOD the Unseen (Spriggan Enchanter)              Turns: 1162, Time: 00:04:32

Health: -14/59     AC:  6    Str:  4    XL:     10   Next: 81%
Magic:  20/26      EV: 18    Int: 21    God:    Dithmenos [****..]
Gold:   26         SH:  0    Dex: 16    Spells: 16/31 levels left

rFire    . . .     SeeInvis +   a - +1 dagger
rCold    + . .     Gourm    .   (shield restricted)
rNeg     . . .     Faith    .   b - +0 robe
rPois    .         Spirit   .   (helmet restricted)
rElec    .         Reflect  .   (no cloak)
rCorr    .         Harm     .   (gloves unavailable)
MR       +....     NoTele   +   (boots unavailable)
Stlth    +++++++++.             (no amulet)
HPRegen  0.00/turn              (no ring)
MPRegen  0.20/turn              (no ring)

@: wreathed by umbra, very quick
A: very small, unfitting armour, iridescent scales 1, molten scales 1, see
invisible, cold resistance 1, herbivore, speed 3, inhibited regeneration, slow
metabolism 2
a: Shadow Step, Renounce Religion


You were in the Dungeon.
You worshipped Dithmenos.
Dithmenos was greatly pleased with you.
You were not hungry.

You visited 1 branch You collected 26 gold pieces.

Inventory:

Hand Weapons
 a - a +1 dagger (weapon)
Armour
 b - a +0 robe (worn)
Scrolls
 c - 3 scrolls of identify {unknown}
 j - a scroll of blinking
 k - a scroll of immolation {unknown}
 l - 2 scrolls of remove curse {unknown}
 m - a scroll of holy word {unknown}
Potions
 e - a potion of curing
 f - a potion of heal wounds
 g - 2 potions of haste
 h - 2 potions of magic
 i - 3 potions of berserk rage
 n - a potion of lignification {unknown}
 o - 5 potions of mutation
 p - a potion of might
Comestibles
 d - 4 rations


   Skills:
 + Level 9.9 Fighting
 * Level 16.9 Short Blades
 - Level 3.0 Dodging
 + Level 17.3 Stealth
 + Level 11.0 Spellcasting
 + Level 11.1 Hexes


You had 16 spell levels left.
You knew the following spells:

 Your Spells              Type           Power        Failure   Level  Hunger
a - Corona                Hex            ######.      1%          1    None
b - Ensorcelled Hibernat  Hex/Ice        ####..       1%          2    None
c - Confuse               Hex            ######..     1%          3    None
d - Dazzling Spray        Conj/Hex       ####..       1%          3    None
e - Tukima's Dance        Hex            ######..     1%          3    None
f - Mephitic Cloud        Conj/Pois/Air  ##......     17%         3    None

Your spell library contained the following spells:

 Spells                   Type           Power        Failure   Level  Hunger
 Slow                     Hex            ######..     1%          2    None
 Magic Dart               Conj           ##..         6%          1    None
 Blink                    Tloc           N/A          9%          2    None
 Call Imp                 Summ           ##......     9%          2    None
 Conjure Flame            Conj/Fire      ##......     17%         3    None


Dungeon Overview and Level Annotations

Branches:
Dungeon (1/1)

Altars:
Dithmenos
Elyvilon
Kikubaaqudgha
Okawaru
Ru
Sif Muna
Trog
Uskayaw
Vehumet
Wu Jian
Yredelemnul
Zin
The Shining One
Beogh

Annotations:
D Edmund


Innate Abilities, Weirdness & Mutations

You are very small and have problems with some larger weapons.
You are too small for most types of armour.
You have supernaturally acute eyesight. (SInv)
You are a herbivore.
You cover ground extremely quickly.
You need to consume almost no food.
You are partially covered in iridescent scales. (AC +2)
You are partially covered in molten scales. (AC +2)
Your flesh is cold resistant. (rC+)
You do not regenerate when monsters are visible.


Message History

Casting: Confuse (safe; 1% risk of failure)
Confirm with . or Enter, or press ? or * to list all spells.
Aiming: Confuse (safe; 1% risk of failure)
Press: ? - help, Shift-Dir - straight line, f - yaktaur captain
Aim: a yaktaur captain (umbra, chance to defeat MR: 40%)
The yaktaur captain resists with some effort.
The yaktaur captain wields an arbalest.
The yaktaur captain shoots a bolt.
The bolt hits you!
A yaktaur comes into view.
Casting: Confuse (safe; 1% risk of failure)
Confirm with . or Enter, or press ? or * to list all spells.
Aiming: Confuse (safe; 1% risk of failure)
Press: ? - help, Shift-Dir - straight line, f/p - yaktaur captain
Aim: a yaktaur captain, wielding an arbalest (umbra, chance to defeat MR: 40%)
The yaktaur captain resists with some effort.
The yaktaur shouts!
The yaktaur wields an arbalest.
The yaktaur shoots a bolt.
The bolt hits you!!
The yaktaur captain shoots a bolt.
The bolt hits you!!!
Ouch! That really hurt!
You die...

§§≈#.#.#...##.#.#.##
...#.#.#)..#.#.#.#.#
.†§#...#)).##.#.#.#
▓▓▓▓▓▓▓▓▓▓▓#.#.#.#.#
≈≈≈...##.#.#.##
♣P.+.#.#.#.#
♣PP##.#.#.## ♣♣
##'########
#...'@≈≈≈§#
#...#.≈≈≈≈#
#)..#.#§§≈#
#####.#c≈§≈# P.#
#≈≈≈≈


PP# c§≈≈ PP# # ≈ .oP# You could see a yaktaur captain, an orc high priest
(sleeping) and a yaktaur.

Vanquished Creatures
  Sigmund (D)
  Snorg (D)
  A centaur warrior (D)
  2 unseen horrors (D)
  A deep elf mage (D)
  A shadow (D)
  A necrophage (D)
  2 centaurs (D)
  An earth elemental (D)
  A scorpion (D)
  A jelly (D)
  A wizard (D)
  A necromancer (D)
  3 humans (D)
  A kobold demonologist (D)
  An ooze (D)
  3 rats (D)
23 creatures vanquished.

Vanquished Creatures (others)
  2 draconian scorchers (D)
  6 hellions (D)
  2 yaktaurs (D)
10 creatures vanquished.

Grand Total: 33 creatures vanquished

Notes
Turn   | Place    | Note
-------+----------+-------------------------------------------
     0 | D        | MuseOD the Spriggan Enchanter began the quest for the Orb.
     0 | D        | Reached XP level 1. HP: 9/9 MP: 5/5
    12 | D        | Reached skill level 1 in Fighting
    12 | D        | Reached skill level 5 in Stealth
   101 | D        | Killed a yaktaur
   118 | D        | Killed a hellion
   126 | D        | Killed a hellion
   127 | D        | Killed a hellion
   127 | D        | Killed a hellion
   128 | D        | Killed a hellion
   129 | D        | Killed a hellion
   234 | D        | Killed a white draconian scorcher
   234 | D        | Killed a white draconian scorcher
   283 | D        | Noticed a scorpion
   286 | D        | Killed a scorpion
   286 | D        | Reached skill level 5 in Short Blades
   286 | D        | Reached skill level 7 in Stealth
   286 | D        | Reached XP level 2. HP: 16/16 MP: 6/6
   286 | D        | Reached XP level 3. HP: 19/19 MP: 8/8
   307 | D        | Learned a level 2 spell: Ensorcelled Hibernation
   311 | D        | Learned a level 3 spell: Confuse
   583 | D        | Killed a yaktaur
   725 | D        | Reached XP level 4. HP: 24/24 MP: 6/9
   743 | D        | Gained mutation: You are partially covered in iridescent
                  | scales. (AC +2) [potion of mutation]
   743 | D        | Gained mutation: Your flesh is cold resistant. (rC+)
                  | [potion of mutation]
   743 | D        | Gained mutation: You do not regenerate when monsters are
                  | visible. [potion of mutation]
   743 | D        | Gained mutation: You are partially covered in molten
                  | scales. (AC +2) [potion of mutation]
   749 | D        | Noticed a water elemental
   780 | D        | Found a glowing silver altar of Zin.
   780 | D        | Found a glowing golden altar of the Shining One.
   780 | D        | Found a white marble altar of Elyvilon.
   780 | D        | Noticed a deep elf mage
   794 | D        | Killed a deep elf mage
   794 | D        | Reached skill level 5 in Fighting
   794 | D        | Reached skill level 10 in Short Blades
   794 | D        | Reached skill level 11 in Stealth
   794 | D        | Reached XP level 5. HP: 17/32 MP: 3/10
   794 | D        | Reached XP level 6. HP: 20/36 MP: 3/11
   901 | D        | Found a basalt altar of Yredelemnul.
   901 | D        | Found a shadowy altar of Dithmenos.
   901 | D        | Found a sacrificial altar of Ru.
   906 | D        | Reached skill level 12 in Stealth
   906 | D        | Reached XP level 7. HP: 36/40 MP: 8/12
   908 | D        | Became a worshipper of Dithmenos the Shadowed
   941 | D        | Found a hide-covered altar of Uskayaw.
   941 | D        | Found an iron altar of Okawaru.
   942 | D        | Found a roughly hewn altar of Beogh.
   942 | D        | Found a bloodstained altar of Trog.
   942 | D        | Found an ornate altar of the Wu Jian Council.
   942 | D        | Noticed a human
   942 | D        | Noticed a human
   944 | D        | Killed a human
   945 | D        | Killed a human
   945 | D        | Reached skill level 5 in Hexes
   957 | D        | Found a radiant altar of Vehumet.
   957 | D        | Found a deep blue altar of Sif Muna.
   957 | D        | Found an ancient bone altar of Kikubaaqudgha.
   959 | D        | Reached * piety under Dithmenos
   961 | D        | Reached skill level 13 in Stealth
   970 | D        | Learned a level 3 spell: Dazzling Spray
   974 | D        | Learned a level 3 spell: Tukima's Dance
   978 | D        | Learned a level 3 spell: Mephitic Cloud
   990 | D        | Noticed a shadow
   992 | D        | Killed a shadow
   992 | D        | Reached skill level 5 in Spellcasting
   996 | D        | Reached ** piety under Dithmenos
   996 | D        | Reached XP level 8. HP: 46/46 MP: 14/16
  1003 | D        | Noticed Snorg
  1005 | D        | Killed Snorg
  1005 | D        | Reached skill level 14 in Stealth
  1019 | D        | Noticed a centaur warrior
  1025 | D        | Reached *** piety under Dithmenos
  1025 | D        | Reached XP level 9. HP: 47/51 MP: 11/20
  1034 | D        | Killed a centaur warrior
  1034 | D        | Reached skill level 15 in Stealth
  1090 | D        | Noticed an unseen horror
  1090 | D        | Noticed an unseen horror
  1092 | D        | Killed an unseen horror
  1092 | D        | Reached skill level 15 in Short Blades
  1094 | D        | Killed an unseen horror
  1104 | D        | Noticed Sigmund
  1104 | D        | Noticed Edmund
  1119 | D        | Killed Sigmund
  1119 | D        | Reached **** piety under Dithmenos
  1119 | D        | Reached skill level 17 in Stealth
  1119 | D        | Reached XP level 10. HP: 59/59 MP: 18/26
  1160 | D        | Noticed a yaktaur captain
  1162 | D        | Shot with a bolt by a yaktaur captain

Skill      XL: |  1  2  3  4  5  6  7  8  9 |
---------------+----------------------------+-----
Fighting       | 2 3 5 6 7 9 |  9.9
Short Blades   | 5 6 10 11 12 14 16 | 16.9
Stealth        | 7 11 12 13 14 17 | 17.3
Spellcasting   | 5 7 11 | 11.0
Hexes          | 5 7 11 | 11.1
Dodging        | |  3.0

Action                   |  1- 3 |  4- 6 |  7- 9 | 10-12 || total
-------------------------+-------+-------+-------+-------++-------
Melee: Dagger            |    22 |     8 |    30 |       ||    60
 Cast: Ensorcelled Hiber |     9 |       |       |       ||     9
       Confuse           |     1 |     3 |     3 |     2 ||     9
       Dazzling Spray    |       |       |     1 |       ||     1
  Use: Potion            |       |     1 |       |       ||     1
 Stab: Sleeping          |     3 |     1 |    11 |       ||    15
       Confused          |       |     3 |     4 |       ||     7
Armor: Robe              |       |     1 |     1 |       ||     2
Dodge: Dodged            |    17 |     1 |     8 |       ||    26
